3L
MONTANA PANDAS @ FT. WORTH CATTLEMEN
05/03/2033
 
TOP OF THE 1ST
Montana Pandas batting - Pitching for Ft. Worth Cattlemen : RHP Robbie Betchley
Pitching: RHP Robbie Betchley
Batting: RHB Chuk-yan Yang 0-0: Swinging Strike
0-1: Ball
1-1: Swinging Strike
1-2: Strikes out swinging
Batting: RHB Jun Kung 0-0: Swinging Strike
0-1: Foul Ball, location: 2F
0-2: Ball
1-2: Foul Ball, location: 2F
1-2: Ball
2-2: Strikes out swinging
Batting: LHB Ling Li 0-0: Ball
1-0: Foul Ball, location: 2F
1-1: Ball
2-1: Ground out 4-3 (Groundball, 4M)
Top of the 1st over - 0 runs, 0 hits, 0 errors, 0 left on base; Montana 0 - Ft. Worth 0
BOTTOM OF THE 1ST
Ft. Worth Cattlemen batting - Pitching for Montana Pandas : LHP Shun'ichi Tanaka
Pitching: LHP Shun'ichi Tanaka
Batting: LHB Jesús Morales 0-0: Fly out, F8 (Line Drive, 8LD)
Batting: LHB Rick Mayfield 0-0: Called Strike
0-1: Ball
1-1: Foul Ball, location: 2F
1-2: Fly out, F7 (Flyball, 7D)
Batting: RHB Jeffery Campbell 0-0: SINGLE (Groundball, 4D)
Batting: RHB Gilberto Juárez 0-0: Ball
1-0: Ball
2-0: Ground out 4-3 (Groundball, 4)
Bottom of the 1st over - 0 runs, 1 hit, 0 errors, 1 left on base; Montana 0 - Ft. Worth 0
TOP OF THE 2ND
Montana Pandas batting - Pitching for Ft. Worth Cattlemen : RHP Robbie Betchley
Batting: RHB Chi-ju Goei 0-0: Ball
1-0: Ball
2-0: Called Strike
2-1: SINGLE (Flyball, 89S)
Batting: LHB Ken Watanabe 0-0: Foul Ball, location: 2F
0-1: Fly out, F8 (Line Drive, 8RS)
Batting: RHB Shih-k'ai Sima 0-0: Ball
1-0: Foul Ball, location: 2F
1-1: Foul Ball, location: 2F
1-2: Ball
2-2: Ball
3-2: Strikes out swinging
Batting: SHB Janghyun Sam 0-0: Called Strike
0-1: SINGLE (Groundball, 34D)
Chi-ju Goei to second
Runner from 2nd tries for 3rd, SAFE, no throw
Batting: RHB Kyoichi Yamanaka 0-0: Called Strike
0-1: Fly out, F8 (Flyball, 78D)
Top of the 2nd over - 0 runs, 2 hits, 0 errors, 2 left on base; Montana 0 - Ft. Worth 0
BOTTOM OF THE 2ND
Ft. Worth Cattlemen batting - Pitching for Montana Pandas : LHP Shun'ichi Tanaka
Batting: RHB Rich Flannery 0-0: Called Strike
0-1: Foul Ball, location: 2F
0-2: Foul Ball, location: 2F
0-2: Foul Ball, location: 2F
0-2: Ball
1-2: Foul Ball, location: 2F
1-2: Foul Ball, location: 2F
1-2: Ground out 6-3 (Groundball, 6)
Batting: LHB Chris Etheridge 0-0: SINGLE (Groundball, 13) (infield hit)
Batting: RHB Jesús Martínez 0-0: Ball
1-0: SINGLE (Groundball, 56S) (infield hit)
Chris Etheridge to second
Batting: RHB Vincent Vega 0-0: Called Strike
0-1: Fly out, F8 (Flyball, 89M)
Batting: SHB Javier Vázquez 0-0: Ball
1-0: Foul Ball, location: 2F
1-1: Foul Ball, location: 2F
1-2: Foul Ball, location: 2F
1-2: Ball
2-2: Ball
3-2: Foul Ball, location: 2F
3-2: Foul Ball, location: 2F
3-2: Ground out 5-3 (Groundball, 5)
Bottom of the 2nd over - 0 runs, 2 hits, 0 errors, 2 left on base; Montana 0 - Ft. Worth 0
TOP OF THE 3RD
Montana Pandas batting - Pitching for Ft. Worth Cattlemen : RHP Robbie Betchley
Batting: RHB Joy-shan Kao 0-0: Fly out, F8 (Flyball, 8LS)
Batting: RHB Chuk-yan Yang 0-0: Ball
1-0: Ball
2-0: Ball
3-0: Called Strike
3-1: Foul Ball, location: 2F
3-2: Base on Balls
Batting: RHB Jun Kung 0-0: Ball
1-0: Called Strike
1-1: Grounds into double play, 6-4-3 (Groundball, 6)
Top of the 3rd over - 0 runs, 0 hits, 0 errors, 0 left on base; Montana 0 - Ft. Worth 0
BOTTOM OF THE 3RD
Ft. Worth Cattlemen batting - Pitching for Montana Pandas : LHP Shun'ichi Tanaka
Batting: LHB Jesús Morales 0-0: Fly out, F5 (Popup, 6S)
Batting: LHB Rick Mayfield 0-0: Foul Ball, location: 2F
0-1: Ball
1-1: Ball
2-1: Ball
3-1: Base on Balls
Batting: RHB Jeffery Campbell 0-0: Fly out, F9 (Flyball, 9D)
Batting: RHB Gilberto Juárez 0-0: Ball
1-0: Ball
2-0: Fly out, F7 (Line Drive, 7S)
Bottom of the 3rd over - 0 runs, 0 hits, 0 errors, 1 left on base; Montana 0 - Ft. Worth 0
TOP OF THE 4TH
Montana Pandas batting - Pitching for Ft. Worth Cattlemen : RHP Robbie Betchley
Batting: LHB Ling Li 0-0: Called Strike
0-1: Ball
1-1: Ball
2-1: Ball
3-1: Foul Ball, location: 2F
3-2: Base on Balls
Batting: RHB Chi-ju Goei 0-0: Swinging Strike
0-1: Called Strike
0-2: Ball
1-2: Strikes out swinging
Batting: LHB Ken Watanabe 0-0: Fielders Choice at 2nd, 1-6 (Groundball, 13)
Batting: RHB Shih-k'ai Sima 0-0: Ball
1-0: SINGLE (Line Drive, 7S)
Ken Watanabe to second
Batting: SHB Janghyun Sam 0-0: Called Strike
0-1: Ball
1-1: Called Strike
1-2: Foul Ball, location: 2F
1-2: Strikes out swinging
Top of the 4th over - 0 runs, 1 hit, 0 errors, 2 left on base; Montana 0 - Ft. Worth 0
BOTTOM OF THE 4TH
Ft. Worth Cattlemen batting - Pitching for Montana Pandas : LHP Shun'ichi Tanaka
Batting: RHB Rich Flannery 0-0: Ball
1-0: Called Strike
1-1: Foul Ball, location: 2F
1-2: Ball
2-2: Ball
3-2: Foul Ball, location: 2F
3-2: Foul Ball, location: 2F
3-2: Foul Ball, location: 2F
3-2: Base on Balls
Batting: LHB Chris Etheridge 0-0: Called Strike
0-1: Swinging Strike
0-2: Foul Ball, location: 2F
0-2: Ball
1-2: SINGLE (Line Drive, 89M)
Rich Flannery to second
Batting: RHB Jesús Martínez 0-0: Ball
1-0: Called Strike
1-1: Ball
2-1: Ball
3-1: Foul Ball, location: 2F
3-2: Foul Ball, location: 2F
3-2: Base on Balls
Rich Flannery to third
Chris Etheridge to second
Batting: RHB Vincent Vega 0-0: Fly out, F8 (Line Drive, 8RM)
Runner from 3rd tags up, SCORES, throw made
Batting: SHB Javier Vázquez 0-0: Called Strike
0-1: Called Strike
0-2: Ball
1-2: Ball
2-2: Ball
3-2: SINGLE (Flyball, 7S)
Chris Etheridge to third
Jesús Martínez to second
Runner from 3rd tries for Home, SAFE, throw made home
Batting: LHB Jesús Morales 0-0: Ball
1-0: Fielders Choice at 2nd, 4-6 (Groundball, 4)
Jesús Martínez to third
Batting: LHB Rick Mayfield 0-0: Fly out, F8 (Flyball, 8RD)
Bottom of the 4th over - 2 runs, 2 hits, 0 errors, 2 left on base; Montana 0 - Ft. Worth 2
TOP OF THE 5TH
Montana Pandas batting - Pitching for Ft. Worth Cattlemen : RHP Robbie Betchley
Batting: RHB Kyoichi Yamanaka 0-0: Called Strike
0-1: Foul Ball, location: 2F
0-2: Ball
1-2: Ground out 5-3 (Groundball, 56)
Batting: RHB Joy-shan Kao 0-0: Called Strike
0-1: Ball
1-1: Ball
2-1: Called Strike
2-2: Ball
3-2: Fly out, F7 (Flyball, 7)
Batting: RHB Chuk-yan Yang 0-0: Called Strike
0-1: Ground out U3 (Groundball, 34)
Top of the 5th over - 0 runs, 0 hits, 0 errors, 0 left on base; Montana 0 - Ft. Worth 2
BOTTOM OF THE 5TH
Ft. Worth Cattlemen batting - Pitching for Montana Pandas : LHP Shun'ichi Tanaka
Batting: RHB Jeffery Campbell 0-0: Ball
1-0: Called Strike
1-1: Ball
2-1: Ball
3-1: Swinging Strike
3-2: Foul Ball, location: 2F
3-2: Foul Ball, location: 2F
3-2: Foul Ball, location: 2F
3-2: SINGLE (Groundball, 6MD)
Batting: RHB Gilberto Juárez 0-0: Called Strike
0-1: Ball
1-1: Fly out, F9 (Flyball, 9LMF)
Batting: RHB Rich Flannery 0-0: Ball
1-0: Called Strike
1-1: Called Strike
1-2: Ball
2-2: Ball
3-2: Grounds into double play, 5-4-3 (Groundball, 56)
Bottom of the 5th over - 0 runs, 1 hit, 0 errors, 0 left on base; Montana 0 - Ft. Worth 2
TOP OF THE 6TH
Montana Pandas batting - Pitching for Ft. Worth Cattlemen : RHP Robbie Betchley
Batting: RHB Jun Kung 0-0: Ball
1-0: Ball
2-0: Ground out 6-3 (Groundball, 6)
Batting: LHB Ling Li 0-0: Called Strike
0-1: Swinging Strike
0-2: Ball
1-2: Strikes out swinging
Batting: RHB Chi-ju Goei 0-0: Ball
1-0: SINGLE (Groundball, 6MD)
Batting: LHB Ken Watanabe 0-0: Called Strike
0-1: Ball
1-1: Foul Ball, location: 2F
1-2: Foul Ball, location: 2F
1-2: Ground out 4-3 (Groundball, 4)
Top of the 6th over - 0 runs, 1 hit, 0 errors, 1 left on base; Montana 0 - Ft. Worth 2
BOTTOM OF THE 6TH
Ft. Worth Cattlemen batting - Pitching for Montana Pandas : LHP Shun'ichi Tanaka
Batting: LHB Chris Etheridge 0-0: Called Strike
0-1: Foul Ball, location: 2F
0-2: SINGLE (Groundball, 4MD)
Batting: RHB Jesús Martínez 0-0: Sac Bunt - play at first, batter OUT! 1-3
Chris Etheridge to second
Batting: RHB Vincent Vega 0-0: Called Strike
0-1: Ball
1-1: Ball
Chris Etheridge steals 3rd base
2-1: Called Strike
2-2: Foul Ball, location: 2F
2-2: DOUBLE (Flyball, 89D)
Chris Etheridge scores
Pitching: LHP Kanbe Kiyomizu
Batting: SHB Javier Vázquez 0-0: Ball
1-0: Ball
2-0: Foul Ball, location: 2F
2-1: Foul Ball, location: 2F
2-2: Ball
3-2: Base on Balls
Batting: LHB Jesús Morales 0-0: Fly out, F8 (Flyball, 8RS)
Batting: LHB Rick Mayfield 0-0: Ball
1-0: Swinging Strike
1-1: Swinging Strike
1-2: Foul Ball, location: 2F
1-2: Ball
2-2: Ball
3-2: Fly out, F9 (Flyball, 9LM)
Bottom of the 6th over - 1 run, 2 hits, 0 errors, 2 left on base; Montana 0 - Ft. Worth 3
TOP OF THE 7TH
Montana Pandas batting - Pitching for Ft. Worth Cattlemen : RHP Robbie Betchley
Batting: RHB Shih-k'ai Sima 0-0: Fly out, F5 (Popup, 5SF)
Batting: SHB Janghyun Sam 0-0: Called Strike
0-1: Swinging Strike
0-2: Ball
1-2: Ball
2-2: SINGLE (Groundball, 6MD)
Batting: RHB Kyoichi Yamanaka 0-0: Ball
1-0: Fly out, F3 (Popup, 34S)
Batting: RHB Joy-shan Kao 0-0: Swinging Strike
0-1: Ball
1-1: Called Strike
1-2: Strikes out swinging
Top of the 7th over - 0 runs, 1 hit, 0 errors, 1 left on base; Montana 0 - Ft. Worth 3
BOTTOM OF THE 7TH
Ft. Worth Cattlemen batting - Pitching for Montana Pandas : LHP Kanbe Kiyomizu
Batting: RHB Jeffery Campbell 0-0: Foul Ball, location: 2F
0-1: Foul Ball, location: 2F
0-2: Ball
1-2: Ball
2-2: Ball
3-2: Foul Ball, location: 2F
3-2: Base on Balls
Batting: RHB Gilberto Juárez 0-0: Called Strike
0-1: Ball
1-1: Called Strike
1-2: Fly out, F9 (Flyball, 89XD)
Batting: RHB Rich Flannery 0-0: Grounds into double play, 6-4-3 (Groundball, 6)
Bottom of the 7th over - 0 runs, 0 hits, 0 errors, 0 left on base; Montana 0 - Ft. Worth 3
TOP OF THE 8TH
Montana Pandas batting - Pitching for Ft. Worth Cattlemen : RHP Robbie Betchley
Batting: RHB Chuk-yan Yang 0-0: Ball
1-0: Foul Ball, location: 2F
1-1: Foul Ball, location: 2F
1-2: Ball
2-2: Ball
3-2: Strikes out swinging
Pitching: LHP Ricardo Ruíz
Batting: RHB Jun Kung 0-0: Ball
1-0: Called Strike
1-1: Called Strike
1-2: Strikes out swinging
Batting: LHB Ling Li 0-0: Called Strike
0-1: Fly out, F9 (Flyball, 9LM)
Top of the 8th over - 0 runs, 0 hits, 0 errors, 0 left on base; Montana 0 - Ft. Worth 3
BOTTOM OF THE 8TH
Ft. Worth Cattlemen batting - Pitching for Montana Pandas : LHP Kanbe Kiyomizu
Batting: LHB Chris Etheridge 0-0: Ground out U3 (Groundball, 3)
Batting: RHB Jesús Martínez 0-0: Foul Ball, location: 2F
0-1: Foul Ball, location: 2F
0-2: Ball
1-2: Strikes out swinging
Batting: RHB Vincent Vega 0-0: Ball
1-0: SINGLE (Groundball, 56D)
Batting: SHB Javier Vázquez 0-0: Foul Ball, location: 2F
0-1: Ball
1-1: Ball
2-1: Foul Ball, location: 2F
2-2: Ball
3-2: DOUBLE (Flyball, 8RXD)
Vincent Vega to third
Vincent Vega scores
Batting: LHB Jesús Morales 0-0: Foul Ball, location: 2F
0-1: Ground out 6-3 (Groundball, 56)
Bottom of the 8th over - 1 run, 2 hits, 0 errors, 1 left on base; Montana 0 - Ft. Worth 4
TOP OF THE 9TH
Montana Pandas batting - Pitching for Ft. Worth Cattlemen : LHP Ricardo Ruíz
Batting: RHB Chi-ju Goei 0-0: Swinging Strike
0-1: Foul Ball, location: 2F
0-2: Ball
1-2: Strikes out swinging
Batting: LHB Ken Watanabe 0-0: Ball
1-0: Ball
2-0: Called Strike
2-1: Foul Ball, location: 2F
2-2: Foul Ball, location: 2F
2-2: Ball
3-2: Base on Balls
Batting: RHB Shih-k'ai Sima 0-0: Hit by Pitch
Ken Watanabe to second
Pitching: LHP Jesús Tejeda
Batting: SHB Janghyun Sam 0-0: Ball
1-0: Called Strike
1-1: Called Strike
1-2: Strikes out swinging
Batting: RHB Kyoichi Yamanaka 0-0: Ball
1-0: Fly out, F9 (Line Drive, 9S)
Top of the 9th over - 0 runs, 0 hits, 0 errors, 2 left on base; Montana 0 - Ft. Worth 4
Saturday, December 22nd, 2018 - OOTP Baseball 18.8 Build 76